 Dungeon Crawl Stone Soup version 0.27.1-4-g1640c2035a (webtiles) character file.

Game seed: 16064226755162352530

89 Stomo444 the Ruffian (level 4, -2/37 HPs)
             Began as a Draconian Transmuter on Nov 9, 2021.
             Killed by nerve-wracking pain
             ... invoked by Menkaure
              (13 damage)
             ... on level 4 of the Dungeon.
             The game lasted 00:02:42 (1267 turns).

Stomo444 the Ruffian (Draconian Transmuter)         Turns: 1267, Time: 00:02:43

Health: -2/37      AC:  5    Str: 13    XL:     4   Next: 31%
Magic:  7/7        EV: 12    Int: 14    God:
Gold:   79         SH:  0    Dex: 11    Spells: 6/7 levels left

rFire    . . .     SeeInvis .     - Unarmed
rCold    . . .     Faith    .   (no shield)
rNeg     . . .     Spirit   .   (armour unavailable)
rPois    .         Reflect  .   (helmet restricted)
rElec    .         Harm     .   (no cloak)
rCorr    .         Rampage  .   (no gloves)
Will     .....                  (no boots)
Stlth    +.........             (no amulet)
HPRegen  0.12/turn              (no ring)
MPRegen  0.10/turn              (no ring)

@: no status effects
A: AC +5, unfitting armour, cold-blooded
a: no special abilities


You were on level 4 of the Dungeon.
You visited 1 branch of the dungeon, and saw 3 of its levels.

You collected 79 gold pieces.

Inventory:

Scrolls
 c - 2 scrolls of immolation
Potions
 b - a potion of flight {unknown}


   Skills:
 + Level 2.3 Fighting
 + Level 2.5 Dodging
 + Level 3.6 Unarmed Combat
 - Level 2.0 Spellcasting
 + Level 2.8 Transmutations


You had 6 spell levels left.
You knew the following spells:

 Your Spells              Type           Power      Damage    Failure   Level
a - Beastly Appendage     Tmut           18%        N/A       8%          1

Your spell library contained the following spells:

 Spells                   Type           Power      Damage    Failure   Level
 Wereblood                Tmut           9%         N/A       11%         2
 Spider Form              Tmut/Pois      2%         N/A       36%         3
 Ignite Poison            Fire/Tmut/Pois 4%         N/A       43%         3
 Mephitic Cloud           Conj/Pois/Air  1%         N/A       56%         3
 Ice Form                 Ice/Tmut       5%         N/A       78%         4
 Bolt of Magma            Conj/Fire/Erth 0%         4d4       100%        5


Dungeon Overview and Level Annotations

Branches:
Dungeon (2/15)             Temple (0/1) D:4

Altars:

Annotations:
D:4 Menkaure


Innate Abilities, Weirdness & Mutations

Your plain brown scales are hard. (AC +5)
You cannot fit into any form of body armour.
You are cold-blooded and may be slowed by cold attacks.


Message History

Your experience leads to an increase in your attributes!
Increase (S)trength, (I)ntelligence, or (D)exterity?
You feel clever.
Your scales feel tougher.
You have reached level 4!
You feel stronger.
Your transformation is almost over.
You start resting.
Your horns disappear.
Your talons disappear.
You start resting.
Magic restored.
HP restored.
You now have 79 gold pieces (gained 9).
d - a scroll labelled HEBRAO HYLUSM
Found a scale mail.
Found an escape hatch in the ceiling.
You see here a +0 scale mail.
There is an escape hatch in the ceiling here.
There is an escape hatch in the ceiling here.
You see here a +0 scale mail.
Menkaure, Prince of Dust comes into view.
Menkaure shouts!
A giant cockroach comes into view.
There are monsters nearby!
There are monsters nearby!
As you read the scroll labelled HEBRAO HYLUSM, it crumbles to dust.
Your body is wracked with pain!
It was a scroll of torment.
As you read the scroll labelled EHEOHY MIECZEM, it crumbles to dust.
You feel aware of your surroundings.
You sensed 1 altar.
It was a scroll of magic mapping.
Menkaure gestures wildly while chanting.
Menkaure seems to speed up.
Menkaure calls on the powers of darkness!
Your body is wracked with pain!
Menkaure shouts, "You disturbed my rest!
Die!"
Menkaure casts a spell at you. Pain shoots through your body!
* * * LOW HITPOINT WARNING * * *
Menkaure points at you and mumbles some strange words.
Pain shoots through your body!
You die...

*#.........####........,,
*#..........##........,,
##....####...........,,
#..### ##M..#....,,,,
#..# #####..#*,,.,,,,
#..# ##...##.##*,,,,,,
#.M###.....#..#***,,,,
#..#...M......# **,,,
#....@........#* ****
#..##########..#******
#..# *#.#*,,,,, #..#
*...,,,,,
#..###########...#****
#.[............###
##........[.....###
###<#####...........#
##..## #.......[....#


You could see Menkaure (fast).

Vanquished Creatures
  A scorpion (D:4)
  4 endoplasms (D:1)
  A giant cockroach (D:1)
  4 hobgoblins (D:1)
  4 kobolds (D:1)
  A quokka (D:1)
  3 ball pythons (D:1)
  2 bats (D:1)
  A frilled lizard (D:1)
  A goblin (D:1)
  4 rats (D:1)
26 creatures vanquished.

Notes
Turn   | Place    | Note
-------+----------+-------------------------------------------
     0 | D:1      | Stomo444 the Draconian Transmuter began the quest for the
                  | Orb.
     0 | D:1      | Reached XP level 1. HP: 16/16 MP: 3/3
   388 | D:1      | Reached XP level 2. HP: 23/23 MP: 3/5
   462 | D:1      | Found a faded altar of an unknown god.
  1006 | D:2      | You fall into a shaft and drop 2 floors!
  1020 | D:4      | Noticed a scorpion
  1066 | D:4      | Killed a scorpion
  1067 | D:4      | Reached XP level 3. HP: 22/30 MP: 4/6
  1067 | D:4      | Reached XP level 4. HP: 27/37 MP: 4/7
  1228 | D:4      | Noticed Menkaure
  1267 | D:4      | Killed from afar by Menkaure

Illustrated notes

Levels and vault maps discovered:
D:1:      dpeg_arrival_short_road, layout_loops_ring,
          shapermc_ecumenical_altar_acropolis, serial_park_tiny_1,
          minmay_hexomino_u4
D:2:      minmay_diamond_boxcup, layout_rooms, dk_noncrumbling_2,
          serial_bayou_ford_a, minmay_unequal
D:4:      layout_cave_pods, mainiacjoe_overflow_paths,
          minmay_temple_entry_purple_smoke, minmay_misc_feat_columns,
          uniq_grinder, uniq_menkaure, uniq_natasha

Skill      XL: |  1  2 |
---------------+-------+-----
Dodging        | 2 |  2.5
Fighting       | 2 |  2.3
Unarmed Combat | |  3.6
Spellcasting   | |  2.0
Transmutations | |  2.8

Action                   |  1- 3 |  4- 6 || total
-------------------------+-------+-------++-------
Melee: Unarmed           |    60 |       ||    60
       Kick              |     8 |       ||     8
       Headbutt          |     3 |       ||     3
       Tailslap          |     3 |       ||     3
 Cast: Beastly Appendage |    19 |       ||    19
  Use: Scroll            |     1 |     2 ||     3
Armor: Skin              |    21 |       ||    21
Dodge: Dodged            |    39 |       ||    39
